 Dungeon Crawl Stone Soup version 0.28.0-47-ge53b351184 (webtiles) character file.

Game seed: 17612932743403512617

75 firemarshallily the Caller (level 4, 0/30 HPs)
             Began as a Merfolk Summoner on May 6, 2022.
             Slain by an orc
             ... wielding a +0 falchion
              (6 damage)
             ... on level 2 of the Dungeon.
             The game lasted 00:04:54 (1330 turns).

firemarshallily the Caller (Merfolk Summoner)       Turns: 1330, Time: 00:04:55

Health: 0/30       AC:  2    Str:  8    XL:     4   Next: 31%
Magic:  3/7        EV: 12    Int: 16    God:
Gold:   50         SH:  0    Dex: 14    Spells: 5/8 levels left

rFire   . . .      SeeInvis .   f - +0 spear
rCold   . . .      Faith    .   (no shield)
rNeg    . . .      Spirit   .   a - +0 robe
rPois   .          Reflect  .   (no helmet)
rElec   .          Harm     .   (no cloak)
rCorr   .          Rampage  .   (no gloves)
Will    .....                   (no boots)
Stlth   ++........              j - amulet of regeneration
HPRegen 0.90/turn               (no ring)
MPRegen 0.10/turn               (no ring)

@: no status effects
A: (nimble swimmer 2), mertail
a: no special abilities


You were on level 2 of the Dungeon.
You visited 1 branch of the dungeon, and saw 2 of its levels.

You collected 50 gold pieces.

Inventory:

Hand Weapons
 f - a +0 spear (weapon)
Missiles
 c - 54 stones
Armour
 a - a +0 robe (worn)
Jewellery
 j - an amulet of regeneration (around neck)
Scrolls
 b - a scroll of teleportation {unknown}
 d - a scroll of brand weapon {unknown}
 e - a scroll of identify {unknown}
 i - a scroll of summoning {unknown}
 k - a scroll of immolation {unknown}
Potions
 g - 2 potions of heal wounds {unknown}
 h - a potion of flight {unknown}


   Skills:
 + Level 2.4 Polearms
 - Level 2.6 Dodging
 - Level 2.1 Stealth
 + Level 2.6 Spellcasting
 * Level 4.9 Summonings


You had 5 spell levels left.
You knew the following spells:

 Your Spells              Type           Power      Damage    Failure   Level
a - Summon Small Mammal   Summ           68%        N/A       2%          1
b - Call Imp              Summ           17%        N/A       3%          2

Your spell library contained the following spells:

 Spells                   Type           Power      Damage    Failure   Level
 Call Canine Familiar     Summ           17%        N/A       8%          3
 Summon Guardian Golem    Hex/Summ       10%        N/A       22%         3
 Summon Lightning Spire   Summ/Air       10%        N/A       56%         4


Dungeon Overview and Level Annotations

Branches:
Dungeon (2/15)

Altars:


Innate Abilities, Weirdness & Mutations

((You are very nimble when in or above water. (Stealth+, EV+, Speed+++)))
Your lower body shifts to a powerful aquatic tail in water.


Message History

You climb downwards.
The orc hits you with a +0 falchion. The orc barely misses you.
The orc closely misses you.
The goblin unwields a +0 club.
The goblin wields a +0 hunting sling.
The goblin shoots a stone.
The stone misses you.
There is a stone staircase leading up here.
Casting: Summon Small Mammal (safe; 2% risk of failure)
Confirm with . or Enter, or press ? or * to list all spells.
A beastly little devil appears in a puff of flame.
The orc hits you with a +0 short sword. The orc completely misses you.
Casting: Call Imp (safe; 3% risk of failure)
Confirm with . or Enter, or press ? or * to list all spells.
The orc misses you.
The goblin shoots a stone.
The stone closely misses you. The orc barely misses you.
Casting: Summon Small Mammal (safe; 2% risk of failure)
Confirm with . or Enter, or press ? or * to list all spells.
The orc barely misses you.
The goblin shoots a stone.
The stone barely misses you. The stone hits your bat.
Your bat dies!
Your bat's corpse disappears in a puff of smoke!
The orc hits you with a +0 falchion.
You hit the orc but do no damage.
Your bat barely misses the orc.
The orc closely misses you.
The goblin shoots a stone.
The stone hits you. The orc hits you with a +0 falchion.
Your crimson imp hits the orc.
You closely miss the orc.
Your bat closely misses the orc.
The orc barely misses you.
The goblin shoots a stone.
The stone barely misses you. The orc misses you.
Your crimson imp hits the orc but does no damage.
You hit the orc but do no damage.
Your bat hits the orc but does no damage.
The orc closely misses you.
The goblin shoots a stone.
The stone hits you. The orc hits you with a +0 falchion!
You hit the orc.
The orc is heavily wounded.
Your bat closely misses the orc.
Your crimson imp hits the orc but does no damage.
Your bat hits the orc. The orc hits you with a +0 short sword.
* * * LOW HITPOINT WARNING * * *
The goblin shoots a stone.
The stone hits your bat. The orc hits you with a +0 falchion.
You die...

#.# ##+## #.# ##...##
#.# ##.....## #.#
##.......## ##.##
###.........####...#####
............'...........
#.....)og..####....####
#.#..5@b..## ##...#
##..o..## ##.## ##...##
#)# ##+## #.# #)# #.#
#.# #)# #.#


You could see 2 orcs, a goblin, a friendly crimson imp (summoned) and a friendly
bat (summoned).

Vanquished Creatures
  An orc priest (D:2)
  An orc wizard (D:2)
  An orc (D:2)
  An endoplasm (D:1)
  A hobgoblin (D:1)
  A frilled lizard (D:1)
  2 kobolds (D:1)
8 creatures vanquished.

Vanquished Creatures (collateral kills)
  A ball python (D:1)
  2 endoplasms (D:1)
  A giant cockroach (D:1)
  A goblin (D:1)
  4 kobolds
  A quokka (D:1)
  2 frilled lizards (D:1)
  2 rats
14 creatures vanquished.

Grand Total: 22 creatures vanquished

Notes
Turn   | Place    | Note
-------+----------+-------------------------------------------
     0 | D:1      | firemarshallily the Merfolk Summoner began the quest for
                  | the Orb.
     0 | D:1      | Reached XP level 1. HP: 13/13 MP: 3/3
   314 | D:1      | Reached skill level 1 in Polearms
   314 | D:1      | Reached XP level 2. HP: 19/19 MP: 1/5
   329 | D:1      | Learned a level 2 spell: Call Imp
  1217 | D:2      | Reached XP level 3. HP: 24/24 MP: 1/6
  1238 | D:2      | Reached XP level 4. HP: 23/30 MP: 1/7
  1330 | D:2      | Slain by an orc

Illustrated notes

Levels and vault maps discovered:
D:1:      dpeg_arrival_tiny_a, layout_loops_ring, grunt_decor_one_mirror,
          minmay_misc_feat_pillars
D:2:      layout_loops_corners, minmay_distorted

Skill      XL: |  1  2 |
---------------+-------+-----
Polearms       | 1 2 |  2.4
Dodging        | |  2.6
Stealth        | |  2.1
Spellcasting   | |  2.6
Summonings     | |  4.9

Action                   |  1- 3 |  4- 6 || total
-------------------------+-------+-------++-------
Melee: Mace              |     5 |       ||     5
       Spear             |    26 |    13 ||    39
 Cast: Summon Small Mamm |    33 |     4 ||    37
       Call Imp          |     9 |     1 ||    10
Armor: Robe              |     1 |       ||     1
Dodge: Dodged            |    12 |    15 ||    27
